 Dungeon Crawl Stone Soup version 0.29.1-12-g30fa7ad0bf (webtiles) character file.

Game seed: 16128664278109009588

226 retardedninja the Chopper (level 6, -5/53 HPs)
             Began as a Hill Orc Fighter on Dec 15, 2022.
             Slain by an orc warrior
             ... wielding a +0 scimitar
              (18 damage)
             ... on level 5 of the Dungeon.
             The game lasted 00:03:30 (3868 turns).

retardedninja the Chopper (Hill Orc Fighter)        Turns: 3868, Time: 00:03:30

Health: -5/53      AC: 10    Str: 21    XL:     6   Next: 1%
Magic:  6/6        EV:  7    Int:  8    God:
Gold:   245        SH:  4    Dex: 10    Spells: 5/5 levels left

rFire   . . .      SeeInvis .   a - +0 war axe
rCold   . . .      Faith    .   c - +0 buckler
rNeg    . . .      Spirit   .   r - +0 chain mail
rPois   .          Reflect  .   (no helmet)
rElec   .          Harm     .   (no cloak)
rCorr   .          Rampage  .   (no gloves)
Will    .....                   v - +0 pair of boots
Stlth   ..........              (no amulet)
HPRegen 0.17/turn               (no ring)
MPRegen 0.10/turn               (no ring)

@: no status effects
A: no striking features
a: no special abilities


You were on level 5 of the Dungeon.
You visited 2 branches of the dungeon, and saw 6 of its levels.

You collected 245 gold pieces.

Inventory:

Hand Weapons
 a - a +0 war axe (weapon)
Missiles
 p - a boomerang (quivered)
Armour
 c - a +0 buckler (worn)
 r - a +0 chain mail (worn)
 v - a +0 pair of boots (worn)
Scrolls
 b - 2 scrolls of vulnerability {unknown}
 d - a scroll of poison {unknown}
 g - a scroll of enchant weapon {unknown}
 i - a scroll of summoning {unknown}
 l - a scroll of immolation {unknown}
 o - a scroll of magic mapping {unknown}
 t - a scroll of blinking {unknown}
 u - a scroll of amnesia {unknown}
Potions
 f - a potion of ambrosia {unknown}
 h - 4 potions of curing
 j - 2 potions of resistance
 k - a potion of flight
 m - 3 potions of lignification
 n - a potion of attraction
 q - a potion of invisibility {unknown}
 s - a potion of heal wounds
 w - 2 potions of brilliance
 z - a potion of mutation {unknown}


   Skills:
 + Level 4.4 Fighting
 + Level 5.8 Axes
 + Level 4.3 Armour
 + Level 0.4 Dodging
 + Level 0.7 Stealth
 + Level 3.8 Shields


You had 5 spell levels left.
You didn't know any spells.
Your spell library contained the following spells:

 Spells                   Type           Power      Damage    Failure   Level
 Ignite Poison            Fire/Tmut/Pois 0%         N/A       100%        3
 Mephitic Cloud           Conj/Pois/Air  0%         N/A       100%        3
 Ozocubu's Armour         Ice            0%         N/A       100%        3
 Summon Guardian Golem    Hex/Summ       0%         N/A       100%        3
 Freezing Cloud           Conj/Ice/Air   0%         6-21      100%        5
 Metabolic Englaciation   Hex/Ice        0%         N/A       100%        5
 Simulacrum               Ice/Necr       0%         N/A       100%        6
 Orb of Destruction       Conj           0%         9d5       100%        7
 Spellforged Servitor     Conj/Summ      0%         N/A       100%        7


Dungeon Overview and Level Annotations

Branches:
Dungeon (5/15)             Temple (1/1) D:4

Altars:
Ashenzari
Cheibriados
Fedhas
Hepliaklqana
Kikubaaqudgha
Nemelex Xobeh
Okawaru
Qazlal
Ru
Sif Muna
Trog
Uskayaw
Vehumet
Wu Jian
Yredelemnul
Zin

Annotations:
D:3 1 runed translucent door


Message History

Key pressed, stopping explore.
d - a scroll labelled HAOSTR SEGRE An orc warrior comes into view.
It is wielding a +0 scimitar.
The orc warrior shouts!
You hear a shout! x2
An orc comes into view. It is wielding a +0 dagger. x2
There are monsters nearby!
The orc warrior barely misses you.
You slash the orc warrior!
The orc warrior is heavily wounded.
You slash the orc! x2
You kill the orc!
You block the orc warrior's attack. The orc hits you but does no damage.
You have reached level 6!
You barely miss the orc.
The orc is almost dead.
You completely miss the orc warrior. The orc warrior closely misses you.
The orc hits you with a +0 dagger. You block the orc's attack.
The orc warrior hits you with a +0 scimitar!
Unknown command.
You barely miss the orc.
The orc is almost dead.
You hit the orc warrior but do no damage.
The orc warrior hits you with a +0 scimitar!
The orc hits you but does no damage.
Unknown command.
You are too injured to fight recklessly!
Unknown command.
You are too injured to fight recklessly!
Unknown command.
You are too injured to fight recklessly!
You hit the orc warrior.
The orc warrior is heavily wounded.
You hit the orc.
You kill the orc!
The orc warrior hits you with a +0 scimitar!
* * * LOW HITPOINT WARNING * * *
You closely miss the orc warrior.
The orc warrior is heavily wounded.
The orc warrior hits you with a +0 scimitar!!
You die...

..........# #......#
..........# ## #......#
..........# ..###......#
..........# ...#......#
..........# #........#
..........# #.......#
...........
#.)o)..########...#.
##..@....# ##..###.
#....###..####..####.
#....# #..#.........
#....### #....#######
######......# ##..########
............# #>.........
............# ##.########
............#####.........
..........................


You could see an orc warrior.

Vanquished Creatures
  A scorpion (D:4)
  3 gnolls (D:5)
  5 adders
  An ufetubus (D:3)
  A worm (D:4)
  A dart slug (D:1)
  10 orcs
  6 ball pythons
  An endoplasm (D:2)
  6 giant cockroaches
  3 goblins
  4 hobgoblins
  7 jackals (D:2)
  4 quokkas
  4 bats
  A frilled lizard (D:1)
  5 kobolds
  2 kobold zombies (D:3)
  5 rats
  A spectral hobgoblin (D:1)
71 creatures vanquished.

Notes
Turn   | Place    | Note
-------+----------+-------------------------------------------
     0 | D:1      | retardedninja the Hill Orc Fighter began the quest for the
                  | Orb.
     0 | D:1      | Reached XP level 1. HP: 19/19 MP: 1/1
    35 | D:1      | Found a faded altar of an unknown god.
   231 | D:1      | Reached XP level 2. HP: 27/27 MP: 2/2
  1033 | D:2      | Reached skill level 3 in Axes
  1033 | D:2      | Reached XP level 3. HP: 31/33 MP: 3/3
  1249 | D:2      | Reached skill level 4 in Axes
  1646 | D:2      | Reached XP level 4. HP: 38/40 MP: 4/4
  2457 | D:3      | Found a runed translucent door.
  2457 | D:3      | Noticed a human
  2471 | D:3      | Found a basalt altar of Yredelemnul.
  2582 | D:3      | Reached skill level 5 in Axes
  2585 | D:3      | Reached XP level 5. HP: 44/46 MP: 5/5
  3157 | D:4      | Found a staircase to the Ecumenical Temple.
  3181 | Temple   | Entered the Ecumenical Temple
  3636 | D:5      | Entered Level 5 of the Dungeon
  3860 | D:5      | Noticed an orc warrior
  3865 | D:5      | Reached XP level 6. HP: 53/53 MP: 6/6
  3868 | D:5      | Slain by an orc warrior

Illustrated notes

Levels and vault maps discovered:
D:1:      dpeg_arrival_renting, layout_basic,
          dreamdust_ecumenical_altar_drowned_temple, serial_bayou_pond_e,
          nrook_loot_triangle
D:2:      layout_basic
D:3:      layout_basic, dk_yredelemnul_ordeal
D:4:      layout_rooms, temple_statues, hangedman_glass_teeth
D:5:      layout_basic, ebering_ghost_rock_garden, uniq_menkaure,
          uniq_blork_the_orc
Temple:   regret_index_temple_generic_petals

Skill      XL: |  1  2  3  4  5 |
---------------+----------------+-----
Fighting       | 4 |  4.4
Axes           | 3 4 5 |  5.8
Armour         | 4 |  4.3
Dodging        | |  0.4
Stealth        | |  0.7
Shields        | |  3.8

Action                   |  1- 3 |  4- 6 || total
-------------------------+-------+-------++-------
Melee: War axe           |    89 |   123 ||   212
Throw: Boomerang         |       |     3 ||     3
  Use: Scroll            |       |     8 ||     8
       Potion            |       |     1 ||     1
Armor: Scale mail        |    46 |    10 ||    56
       Chain mail        |       |    65 ||    65
Dodge: Dodged            |    45 |    42 ||    87
Block: Buckler           |    21 |    28 ||    49
